 Dungeon Crawl Stone Soup version 0.30-a0-567-gf7fd966b4a (webtiles) character file.

Game seed: 7686354398988106513

22276 funkygono the Thaumaturge (level 12, 0/83 HPs)
             Began as a Demonspawn Fire Elementalist on Dec 25, 2022.
             Was an Elder of Vehumet.
             Slain by a komodo dragon (28 damage)
             ... on level 4 of the Lair of Beasts on Dec 28, 2022.
             The game lasted 00:40:15 (15733 turns).

funkygono the Thaumaturge (DsFE)                   Turns: 15733, Time: 00:40:15

Health: 0/83       AC: 12    Str:  9    XL:     12   Next: 61%
Magic:  24/27      EV: 13    Int: 21    God:    Vehumet [****..]
Gold:   1478       SH:  0    Dex: 14    Spells: 10/33 levels left

rFire   . . .      SeeInvis .    z - +7 long sword (elec)
rCold   x . .      Faith    .    (no shield)
rNeg    + . .      Spirit   .    M - +3 troll leather armour {Snorg}
rPois   +          Reflect  .    d - +1 helmet
rElec   +          Harm     .    (no cloak)
rCorr   .          Rampage  .    (gloves unavailable)
Will    +....                    r - +2 pair of boots
Stlth   +++                      m - amulet of regeneration
HPRegen 1.93/turn                h - ring of poison resistance
MPRegen 0.20/turn                R - ring "Vuebrah" {rElec rC- rN+ Will+ Stlth+}

@: no status effects
A: claws 3, spiny 3, sturdy frame 2
a: Renounce Religion


You were on level 4 of the Lair of Beasts.
You worshipped Vehumet.
Vehumet was greatly pleased with you.
You visited 3 branches of the dungeon, and saw 16 of its levels.
You also visited: Ossuary.

You collected 2204 gold pieces.
You spent 726 gold pieces at shops.

Inventory:

Hand Weapons
 z - a +7 long sword of electrocution (weapon)
 G - the +9 arbalest of the Goat {heavy, Dex+2}
   (You found it on level 3 of the Lair of Beasts)

   Any ammunition fired from it deals dramatically more damage, but attacks with
   it are much slower.
   Dex:       It affects your dexterity (+2).
 H - a +4 falchion
Missiles
 c - a throwing net
Armour
 d - a +1 helmet (worn)
 r - a +2 pair of boots (worn)
 s - a +3 leather armour
 M - a +3 troll leather armour (worn) {Snorg}
Magical Staves
 f - a staff of poison
 i - a staff of earth
Jewellery
 h - a ring of poison resistance (left claw)
 k - a ring of protection from cold
 m - an amulet of regeneration (around neck)
 o - a ring of protection from fire
 u - a ring of wizardry
 y - a ring of flight
 D - a ring of wizardry
 E - a ring of see invisible
 K - a +6 ring of intelligence
 R - the ring "Vuebrah" (right claw) {rElec rC- rN+ Will+ Stlth+}
   (You acquired it on level 11 of the Dungeon)

   [ring of willpower]

   rC:        It makes you vulnerable to cold.
   rElec:     It insulates you from electricity.
   rN:        It protects you from negative energy.
   Will:      It increases your willpower.
   Stlth:     It makes you more stealthy.
Wands
 p - a wand of mindburst (13)
 v - a wand of flame (15)
 F - a wand of digging (6)
 L - a wand of iceblast (5)
 O - a wand of quicksilver (12)
 P - a wand of paralysis (3)
Scrolls
 w - 6 scrolls of teleportation
 A - a scroll of fog
 B - 2 scrolls of blinking
 C - 2 scrolls of amnesia
 I - 2 scrolls of fear
Potions
 a - a potion of ambrosia
 b - a potion of magic
 e - 7 potions of haste
 g - 3 potions of flight
 j - 2 potions of heal wounds
 l - 6 potions of brilliance
 n - a potion of berserk rage
 q - 3 potions of might
 t - 3 potions of mutation
 x - 6 potions of curing


   Skills:
 + Level 4.0 Fighting
 + Level 5.7 Long Blades
 + Level 0.7 Maces & Flails
 + Level 3.6 Armour
 + Level 4.5 Dodging
 - Level 1.7 Stealth
 + Level 11.3 Spellcasting
 + Level 8.3 Conjurations
 + Level 10.2 Fire Magic
 * Level 5.2 Earth Magic


You had 10 spell levels left.
You knew the following spells:

 Your Spells              Type           Power      Damage    Failure   Level
a - Foxfire               Conj/Fire      100%       2x1d9     1%          1
b - Scorch                Fire           100%       2d10      1%          2
c - Kindle Blastsparks    Fire/Tloc/Air  52%        2d14      1%          3
d - Flame Wave            Conj/Fire      50%        2d12      1%          4
e - Sandblast             Erth           66%        2d15      1%          1
f - Stone Arrow           Conj/Erth      80%        3d12      1%          3
g - Sticky Flame          Conj/Fire      50%        2d7       1%          4
h - Fireball              Conj/Fire      25%        3d11      1%          5

Your spell library contained the following spells:

 Spells                   Type           Power      Damage    Failure   Level
 Iskenderun's Battlesphe  Conj           46%        2d10      1%          5
 Freeze                   Ice            44%        1d6       1%          1
 Hailstorm                Conj/Ice       29%        3d8       1%          3
 Inner Flame              Hex/Fire       33%        N/A       1%          3
 Frozen Ramparts          Ice            22%        1d4       4%          3
 Starburst                Conj/Fire      25%        6d8       5%          6
 Ensorcelled Hibernation  Hex/Ice        22%        N/A       9%          2
 Gell's Gravitas          Tloc           11%        N/A       17%         3
 Spider Form              Tmut/Pois      11%        N/A       17%         3
 Summon Guardian Golem    Hex/Summ       11%        N/A       17%         3
 Teleport Other           Tloc           11%        N/A       17%         3
 Tukima's Dance           Hex            11%        N/A       17%         3
 Animate Armour           Summ/Erth      44%        N/A       19%         4
 Yara's Violent Unravell  Hex/Tmut       5%         3d4       36%         5
 Orb of Destruction       Conj           23%        9d8       36%         7
 Anguish                  Hex/Necr       5%         N/A       50%         4
 Ice Form                 Ice/Tmut       11%        N/A       50%         4
 Passage of Golubria      Tloc           11%        N/A       50%         4
 Summon Ice Beast         Ice/Summ       11%        N/A       50%         4
 Spellforged Servitor     Conj/Summ      14%        N/A       88%         7
 Lehudib's Crystal Spear  Conj/Erth      20%        10d6      99%         8
 Dispersal                Tloc           5%         N/A       100%        6
 Simulacrum               Ice/Necr       5%         N/A       100%        6


Dungeon Overview and Level Annotations

Branches:
Dungeon (11/15)            Temple (1/1) D:5            Lair (4/5) D:11
 Shoals (0/4) Lair:3       Spider (0/4) Lair:3          Orc (0/2) D:10
Ossuary (visited)
  Slime: Lair:4-5

Altars:
Ashenzari
Cheibriados
Dithmenos
Fedhas
Gozag
Hepliaklqana
Kikubaaqudgha
Makhleb
Nemelex Xobeh
Okawaru
Qazlal
Ru
Sif Muna
Trog
Uskayaw
Vehumet
Wu Jian
Xom
Yredelemnul

Shops:
D:5 (   D:6 =   D:9 :   D:10 (

Annotations:
D:11 2 transporters, exclusion: ice statue, SlaveLabor's ghost, journeyman DESu


Innate Abilities, Weirdness & Mutations

You have claws for hands.
You are completely covered in sharp spines.
Your movements are less encumbered by armour. (ER -4)


Message History

The polar bear claws you but does no damage.
The bullfrog snags a nearby mouse with its tongue.
The bullfrog misses you.
You barely miss the polar bear.
The polar bear is severely wounded.
The polar bear bites you but does no damage.
The polar bear barely misses you. x2; The bullfrog barely misses you.
The bullfrog is struck by your spines. The bullfrog hits you.
* * * LOW HITPOINT WARNING * * *
The polar bear is struck by your spines.
The polar bear bites you but does no damage.
The polar bear claws you but does no damage. x2
Casting: Foxfire (safe; 1% risk of failure)
Confirm with . or Enter, or press ? or * to list all spells.
Casting: Flame Wave (safe; 1% risk of failure)
Press: ? - help, Dir - look around, f - activate A wave of flame ripples out!
The flame wave engulfs the bullfrog!
You kill the bullfrog!
Vehumet accepts your kill.
You feel your power returning.
The flame wave engulfs the polar bear!
You kill the polar bear!
Vehumet accepts your kill.
You feel your power returning. (Press . to intensify the flame waves.) Unknown command.
A wave of flame ripples out!
The flame wave engulfs the komodo dragon!
The komodo dragon is moderately wounded.
The komodo dragon closely misses you.
A wave of flame ripples out!
The flame wave engulfs the komodo dragon but does no damage.
The komodo dragon is moderately wounded.
The sentinel's mark upon you fades away.
The komodo dragon is struck by your spines.
The komodo dragon closely misses you.
A wave of flame ripples out!
The flame wave engulfs the komodo dragon.
The komodo dragon is severely wounded.
You finish channelling waves of flame.
The komodo dragon bites you!!
You die...

#...#.....P##...#
#....#......#...#
#...##..........##
#...#.##..........#
####..#....##.....#
####...# #Y..#/#
#.†..# ......
##.†l# ..... ##.@#
..#.. #### .. # .P#


You could see a komodo dragon.

Vanquished Creatures
  Snorg (D:11)
  A hydra (Lair:2)
  The ghost of junb the Fighter, a journeyman OpGl of Nemelex Xobeh (D:9)
  2 two-headed ogres
  An oklob plant (Lair:2)
  Pikel (D:6)
  An orc knight (D:10)
  A black mamba (Lair:1)
  6 elephants (Lair:4)
  2 unseen horrors (D:10)
  A rime drake (Lair:1)
  7 cane toads
  A troll (D:9)
  2 polar bears
  Prince Ribbit (D:6)
  Grinder (D:6)
  A snapping turtle (Lair:3)
  A vampire (D:10)
  23 yaks
  2 wraiths
  2 wyverns
  2 shadows
  4 basilisks
  A steam dragon (D:7)
  3 wargs (D:11)
  Menkaure (D:7)
  An acid dragon (D:10)
  8 water moccasins
  A black bear (D:5)
  2 orc warriors
  4 ice beasts
  An ogre (D:6)
  3 wolves (Lair:4)
  6 centaurs (D:11)
  2 phantoms
  3 lemures (D:6)
  A kobold brigand (D:8)
  8 bullfrogs
  2 necrophages
  6 scorpions
  19 wights
  4 killer bees (D:11)
  An electric eel (Lair:3)
  5 howler monkeys
  9 hounds
  2 jellies
  3 orc priests
  2 iguanas
  9 orc wizards
  Natasha (thrice) (D:2)
  6 hell rats (Lair:1)
  9 mummies
  2 gnolls
  2 adders
  3 shadow imps
  2 white imps (D:7)
  An ufetubus (D:4)
  2 worms
  4 dart slugs
  30 orcs
  13 bats
  7 endoplasms
  2 giant cockroaches (D:1)
  14 goblins
  8 hobgoblins
  2 jackals (D:4)
  6 quokkas
  7 ball pythons
  7 frilled lizards
  A goblin zombie (D:5)
  2 hobgoblin zombies (Ossuary)
  14 kobolds
  4 kobold zombies
  3 orc zombies (Ossuary)
  7 rats
  A bush (Lair:4)
334 creatures vanquished.

Vanquished Creatures (collateral kills)
  7 foxfires
7 creatures vanquished.

Vanquished Creatures (others)
  806 foxfires
  9 fungi
  6 plants
821 creatures vanquished.

Grand Total: 1162 creatures vanquished

Notes
Turn   | Place    | Note
-------+----------+-------------------------------------------
     0 | D:1      | funkygono the Demonspawn Fire Elementalist began the quest
                  | for the Orb.
     0 | D:1      | Reached XP level 1. HP: 13/13 MP: 3/3
   215 | D:1      | Gained mutation: You have sharp fingernails. [demonic
                  | ancestry]
   215 | D:1      | Reached XP level 2. HP: 19/19 MP: 0/5
   251 | D:1      | Learned a level 2 spell: Scorch
   612 | D:1      | Reached XP level 3. HP: 24/24 MP: 1/6
  1227 | D:2      | Noticed Natasha
  1232 | D:2      | Killed Natasha
  1233 | D:2      | Gained mutation: You have very sharp fingernails. [demonic
                  | ancestry]
  1233 | D:2      | Reached XP level 4. HP: 30/30 MP: 1/8
  1386 | D:2      | Noticed Natasha
  1392 | D:2      | Killed Natasha
  1627 | D:2      | Reached skill level 3 in Spellcasting
  1631 | D:2      | Learned a level 3 spell: Kindle Blastsparks
  1812 | D:2      | Noticed Natasha
  1818 | D:2      | Killed Natasha
  1819 | D:2      | Gained mutation: You are partially covered in sharp spines.
                  | [demonic ancestry]
  1819 | D:2      | Reached XP level 5. HP: 35/35 MP: 4/9
  2348 | D:2      | Learned a level 4 spell: Flame Wave
  2349 | D:2      | Upgraded the game from 0.30-a0-540-g0af01429fa to
                  | 0.30-a0-553-g7fabdf1491
  2438 | D:3      | Found an ornate altar of the Wu Jian Council.
  2521 | D:3      | Upgraded the game from 0.30-a0-553-g7fabdf1491 to
                  | 0.30-a0-567-gf7fd966b4a
  3640 | D:4      | Gained mutation: You are mostly covered in sharp spines.
                  | [demonic ancestry]
  3640 | D:4      | Reached XP level 6. HP: 35/41 MP: 5/11
  3733 | D:4      | Reached skill level 4 in Spellcasting
  4750 | D:4      | Gained mutation: You have claws for hands. [demonic
                  | ancestry]
  4750 | D:4      | Reached XP level 7. HP: 46/46 MP: 5/13
  4916 | D:5      | Entered Level 5 of the Dungeon
  4921 | D:5      | Reached skill level 5 in Fire Magic
  4934 | D:5      | Reached skill level 5 in Spellcasting
  4989 | D:5      | Reached skill level 1 in Armour
  5018 | D:5      | Found a sand-covered staircase.
  5024 | Ossuary  | Entered an ossuary
  5738 | D:5      | Reached XP level 8. HP: 28/52 MP: 3/16
  6029 | D:5      | Reached skill level 6 in Spellcasting
  6147 | D:5      | Found Nask's Weapon Emporium.
  6273 | D:5      | Found a staircase to the Ecumenical Temple.
  6278 | Temple   | Entered the Ecumenical Temple
  6360 | Temple   | Became a worshipper of Vehumet
  6461 | D:5      | Identified a scroll of acquirement
  6461 | D:5      | Acquired 574 gold pieces
  6729 | D:6      | Noticed Prince Ribbit
  6738 | D:6      | Killed Prince Ribbit
  6739 | D:6      | Reached skill level 1 in Fighting
  7251 | D:6      | Found an opulent altar of Gozag.
  7252 | D:6      | Found Verili's Jewellery Shop.
  7261 | D:6      | Gained mutation: You are completely covered in sharp
                  | spines. [demonic ancestry]
  7261 | D:6      | Reached XP level 9. HP: 59/59 MP: 16/19
  7366 | D:6      | Reached skill level 7 in Spellcasting
  7419 | D:6      | Noticed Grinder
  7443 | D:6      | Killed Grinder
  7443 | D:6      | Reached * piety under Vehumet
  7443 | D:6      | Offered knowledge of Sandblast by Vehumet.
  7446 | D:6      | Learned a level 1 spell: Sandblast
  7814 | D:6      | Noticed Pikel
  7822 | D:6      | Killed Pikel
  7823 | D:6      | Reached skill level 1 in Long Blades
  7823 | D:6      | Reached skill level 5 in Conjurations
  8227 | D:7      | Found a snail-covered altar of Cheibriados.
  8643 | D:7      | Noticed Menkaure
  8647 | D:7      | Killed Menkaure
  8648 | D:7      | Reached skill level 8 in Spellcasting
  9118 | D:8      | Found an ancient bone altar of Kikubaaqudgha.
  9212 | D:8      | Gained mutation: Your movements are slightly less
                  | encumbered by armour. (ER -2) [demonic ancestry]
  9212 | D:8      | Reached XP level 10. HP: 67/67 MP: 14/22
  9285 | D:8      | Reached ** piety under Vehumet
  9744 | D:9      | Offered knowledge of Freeze by Vehumet.
  9911 | D:9      | Found Tuosor's Book Boutique.
  9920 | D:9      | Bought a book of Fire for 330 gold pieces
  9920 | D:9      | Bought a book of Armaments for 396 gold pieces
  9924 | D:9      | Learned a level 3 spell: Stone Arrow
  9973 | D:9      | Noticed a two-headed ogre
  9979 | D:9      | Killed a two-headed ogre
 10071 | D:9      | Found a runed translucent gate.
 10072 | D:9      | Found a runed translucent gate.
 10072 | D:9      | Found a runed translucent gate.
 10075 | D:9      | Noticed junb's ghost (journeyman OpGl)
 10093 | D:9      | Found a hide-covered altar of Uskayaw.
 10640 | D:9      | Killed junb's ghost
 10641 | D:9      | Reached skill level 9 in Spellcasting
 10715 | D:10     | Entered Level 10 of the Dungeon
 11369 | D:10     | Found Lawarcho's Weapon Shop.
 11377 | D:10     | Noticed an orc knight
 11384 | D:10     | Killed an orc knight
 11385 | D:10     | Gained mutation: Your movements are less encumbered by
                  | armour. (ER -4) [demonic ancestry]
 11385 | D:10     | Reached XP level 11. HP: 53/74 MP: 6/24
 11543 | D:10     | Found a staircase to the Orcish Mines.
 11751 | D:10     | Noticed a two-headed ogre
 11762 | D:10     | Killed a two-headed ogre
 11763 | D:10     | Reached skill level 1 in Earth Magic
 11854 | D:11     | Found a transporter.
 11901 | D:11     | Noticed Snorg
 11910 | D:11     | Killed Snorg
 12050 | D:11     | Found a transporter.
 12259 | D:11     | Reached skill level 10 in Spellcasting
 12268 | D:11     | Offered knowledge of Poisonous Vapours by Vehumet.
 12274 | D:11     | Reached *** piety under Vehumet
 12286 | D:11     | Found a staircase to the Lair.
 12415 | D:11     | Noticed a five-headed hydra
 12615 | D:11     | Acquired 482 gold pieces
 12617 | D:11     | Acquired the ring "Vuebrah" {rElec rC- rN+ Will+ Stlth+}
 12632 | D:11     | Noticed SlaveLabor's ghost (journeyman DESu)
 12641 | D:11     | Noticed a two-headed ogre
 12765 | Lair:1   | Entered Level 1 of the Lair of Beasts
 12810 | Lair:1   | Offered knowledge of Sticky Flame by Vehumet.
 12816 | Lair:1   | Learned a level 4 spell: Sticky Flame
 13096 | Lair:1   | Reached **** piety under Vehumet
 13866 | Lair:2   | Noticed a four-headed hydra
 13874 | Lair:2   | Killed a four-headed hydra
 13875 | Lair:2   | Reached skill level 5 in Long Blades
 13875 | Lair:2   | Reached XP level 12. HP: 74/82 MP: 15/26
 14177 | Lair:2   | Offered knowledge of Iskenderun's Battlesphere by Vehumet.
 14457 | Lair:2   | Reached skill level 10 in Fire Magic
 14461 | Lair:2   | Reached skill level 11 in Spellcasting
 14764 | Lair:2   | Learned a level 5 spell: Fireball
 14845 | Lair:3   | Found a hole to the Spider Nest.
 14917 | Lair:3   | Identified the +9 arbalest of the Goat {heavy, Dex+2}
 15236 | Lair:3   | Found a staircase to the Shoals.
 15713 | Lair:4   | Reached skill level 5 in Earth Magic
 15733 | Lair:4   | Slain by a komodo dragon

Illustrated notes

Levels and vault maps discovered:
D:1:      amcnicky_arrival_wind_blow, layout_basic
D:2:      layout_basic, uniq_natasha
D:3:      layout_loops_ring, nicolae_wu_jian_wuxing_cycle
D:4:      minmay_opposing_rooms, layout_cave_pods
D:5:      layout_basic, temple_doors_ab, serial_shops, shop_fountains,
          nicolae_ossuary_entry_giza, roderic_batcave
D:6:      layout_basic, mainiacjoe_overflow_chevrons,
          minmay_shop_enchanted_jewellery, uniq_grinder, uniq_prince_ribbit1,
          uniq_pikel
D:7:      layout_basic, slow_altar_2, uniq_menkaure
D:8:      layout_basic, nicolae_overflow_crystal_walls
D:9:      layout_loops_ring, lemuel_round_altar, lemuel_round_altar,
          serial_shops, shop, ebering_ghost_rock_garden
D:10:     layout_gridville, orc_david_3
D:11:     layout_long_grid, erik_lair_orcish_takeover, nzn_ghost_randoct,
          evilmike_butchery, uniq_snorg
Temple:   nicolae_temple_elliptical
Lair:1:   layout_hall_layers
Lair:2:   layout_gridlike
Lair:3:   layout_roguey, minmay_shoals_entry_hut, spider_nest_entry_web_field,
          chequers_serial_rivers_large_b
Lair:4:   layout_concentric_octagons, nicolae_slime_entry_slimehenge

Skill      XL: |  1  2  3  4  5  6  7  8  9 10 11 12 |
---------------+-------------------------------------+-----
Fire Magic     | 3 4 5 6 7 9 10 | 10.2
Dodging        | 2 3 4 |  4.5
Conjurations   | 2 3 4 5 6 7 8 |  8.3
Spellcasting   | 3 4 5 6 8 9 10 11 | 11.3
Armour         | 1 2 3 |  3.6
Fighting       | 1 2 3 4 |  4.0
Long Blades    | 1 4 5 |  5.7
Earth Magic    | 3 5 |  5.2
Maces & Flails | |  0.7
Stealth        | |  1.7

Action                   |  1- 3 |  4- 6 |  7- 9 | 10-12 || total
-------------------------+-------+-------+-------+-------++-------
Melee: Unarmed           |     5 |       |       |       ||     5
       Punch             |     1 |       |     2 |     1 ||     4
       Whip              |     3 |     4 |    53 |       ||    60
       Long sword        |       |       |    30 |   126 ||   156
 Cast: Foxfire           |    50 |    96 |   149 |   177 ||   472
       Scorch            |     1 |    22 |    40 |    30 ||    93
       Stone Arrow       |       |       |       |    55 ||    55
       Flame Wave        |       |       |       |    15 ||    15
  Use: Scroll            |       |     8 |    11 |    14 ||    33
       Potion            |       |       |       |     1 ||     1
Armor: Robe              |     8 |     2 |       |       ||    10
       Leather armour    |       |       |    36 |    20 ||    56
       Troll leather arm |       |       |       |    46 ||    46
Dodge: Dodged            |    11 |     6 |    47 |   138 ||   202

Table legend: (Time is in decaauts)
 A = Elapsed time spent in this place.
 B = Non-inter-level travel time spent in this place.
 C = Inter-level travel time spent in this place.
 D = Time resting spent in this place.
 E = Time spent auto-exploring this place.
 F = Levels seen in this place.
 G = Mean time per level.
                   A        B        C        D        E       F      G
               +--------+--------+--------+--------+--------+-----+--------+
         Total |  15802 |  15405 |    397 |    635 |  12168 |  17 |  929.5 |
       Dungeon |  12221 |  11926 |    295 |    458 |   9544 |  11 | 1111.0 |
        Temple |    180 |    156 |     24 |      0 |    137 |   1 |  180.0 |
          Lair |   3014 |   2936 |     78 |    100 |   2341 |   4 |  753.5 |
       Ossuary |    385 |    385 |      0 |     77 |    146 |   1 |  385.0 |
               +--------+--------+--------+--------+--------+-----+--------+

Top non-repeatable levels by time:
     D:4: 1589 daAuts
     D:6: 1448 daAuts
     D:1: 1192 daAuts
     D:2: 1172 daAuts
    D:10: 1137 daAuts
     D:7: 1096 daAuts
  Lair:2: 1091 daAuts
     D:9: 1016 daAuts
     D:5: 1010 daAuts
     D:3: 958 daAuts
  Lair:1: 932 daAuts
    D:11: 917 daAuts
  Lair:3: 846 daAuts
     D:8: 681 daAuts
 Ossuary: 385 daAuts
